 Dungeon Crawl Stone Soup version 0.17.2-1-ge4368a0 (webtiles) character file.

694 jacquesderrida the Insei (level 7, 3/37 HPs)
             Began as a Vine Stalker Wanderer on Sept 30, 2016.
             Quit the game on level 7 of the Dungeon.
             The game lasted 00:12:44 (2238 turns).

jacquesderrida the Insei (Vine Stalker Wanderer)    Turns: 2238, Time: 00:12:44

Health: 3/37       AC:  6    Str: 21    XL:     7   Next: 64%
Magic:  2/12       EV: 12    Int: 13    God:
Gold:   172        SH:  0    Dex: 16    Spells: 0 memorised, 12 levels left

rFire  + . .     SeeInvis .     m - +3 dagger (venom)
rCold  + . .     Clarity  .     h - +1 ring mail
rNeg   . . .     SustAt   .     (no shield)
rPois  +         Gourm    .     (no helmet)
rElec  +         Spirit   +     (no cloak)
rCorr  +         Warding  .     (no gloves)
rMut   .         Stasis   .     (no boots)
MR     .....                    (no amulet)
Stlth  +.........               v - +3 ring of strength
                                (no ring)

@: mighty, mildly poisoned (3 -> 2), resistant, not resistant to hostile
enchantments, very unstealthy
A: fangs 2, regeneration 2, magic shield, antimagic bite, no device heal 3, rot
immunity
a: no special abilities


You were on level 7 of the Dungeon.
You were not hungry.

You visited 1 branch of the dungeon, and saw 7 of its levels.
You also visited: Ossuary.

You collected 172 gold pieces.

Inventory:

Hand Weapons
 a - a +2 hand axe
 b - a +0 shortbow
 m - a +3 dagger of venom (weapon)
Missiles
 c - 24 arrows
Armour
 e - a +0 robe
 h - a +1 ring mail (worn)
 C - a +0 scale mail
 D - a +0 robe
 E - a +0 scale mail
Jewellery
 v - a +3 ring of strength (right hand)
Wands
 i - a wand of lightning (8)
 z - a wand of disintegration (14)
 B - a wand of polymorph (13)
Scrolls
 p - 2 scrolls of enchant armour
 q - 3 scrolls of remove curse
 x - a scroll of magic mapping
 y - a scroll of enchant weapon
Potions
 g - 2 potions of brilliance
 k - 2 potions of curing
 l - 2 potions of haste {unknown}
 o - 2 potions of poison {unknown}
 s - a potion of invisibility {unknown}
 u - a potion of agility {unknown}
 w - a potion of magic
 G - a potion of lignification {unknown}
 H - a potion of mutation {unknown}
 I - a potion of beneficial mutation {unknown}
Books
 d - the Compendium of Clay

   Spells                             Type                      Level
   a - Sandblast                      Earth                        1
   b - Passwall                       Transmutation/Earth          3
 F - an Akashic Record

   Spells                             Type                      Level
   a - Dispersal                      Translocation                6
   b - Malign Gateway                 Summoning/Translocation      7
   c - Disjunction                    Translocation                8
   d - Controlled Blink               Translocation                8
Comestibles
 f - a bread ration
 j - a meat ration


   Skills:
 + Level 3.9 Fighting
 - Level 2.6 Axes
 + Level 2.1 Dodging
 - Level 1.2 Stealth
 + Level 5.8 Unarmed Combat
 - Level 3.2 Spellcasting
   Level 2.0 Poison Magic
 - Level 1.0 Evocations


You had 12 spell levels left.
You didn't know any spells.

Dungeon Overview and Level Annotations

Branches:
Dungeon (7/15)
 Temple: D:4-7

Altars:
Trog
The Shining One

Annotations:
D:5 Eustachio


Innate Abilities, Weirdness & Mutations

You have extremely sharp teeth.
You heal very quickly.
When hurt, damage is shared between your health and your magic reserves.
Your bite disrupts and absorbs the magic of your enemies.
Potions and wands cannot restore your health.
You are immune to rotting.


Message History

* * * LOW HITPOINT WARNING * * *
The killer bee stings you.
* * * LOW HITPOINT WARNING * * *
Unknown command.
Drink which item? (? for menu, Esc to quit)
You feel very mighty all of a sudden.
You kill the killer bee!
The killer bee closely misses you.
The killer bee stings you but does no damage.
The killer bee misses you.
Unknown command.
You puncture the killer bee! Your bite misses the killer bee.
The killer bee is heavily wounded.
You feel sick. The killer bee closely misses you. The killer bee stings you.
* * * LOW HITPOINT WARNING * * *
The killer bee barely misses you. The killer bee misses you.
Unknown command.
Read which item? (? for menu, Esc to quit)
Okay, then.
Are you sure you want to abandon this character and quit the game? (Confirm with "yes".)

##.##.###########
###.##.###.......#
....#....#..)....+
....'....#.......#
....#....'.......#
....#....#.......#
....#....#.......#
....#....#.......# .
#######..#......@##+##....
##..###..#######yy........
...........# #yy........
.........."# #..........
...........# #..........
############ #..........
###########


You could see 4 killer bees.

Vanquished Creatures
  A sky beast (D:7)
  An ogre (D:7)
  A killer bee (D:7)
  A centaur zombie (D:5)
  2 hounds
  An iguana (D:7)
  4 worker ants
  4 big kobold zombies (Ossuary)
  A hound skeleton (D:5)
  A mummy (Ossuary)
  3 adders
  2 shadow imps
  An adder skeleton (D:6)
  2 worms (D:2)
  4 orcs
  5 spectral bats (Ossuary)
  2 bats
  4 giant cockroaches
  7 hobgoblins
  4 jackals (D:4)
  8 kobolds
  2 quokkas (D:6)
  A ball python (D:1)
  3 giant geckos
  A giant newt (D:1)
  7 gnoll zombies (Ossuary)
  6 goblins
  5 goblin zombies (Ossuary)
  3 hobgoblin zombies (Ossuary)
  3 kobold zombies (Ossuary)
  4 orc zombies (Ossuary)
  4 rats (D:1)
  2 spectral goblins (Ossuary)
  4 spectral kobolds (Ossuary)
  5 spectral rats (Ossuary)
109 creatures vanquished.

Vanquished Creatures (others)
  A gnoll zombie (Ossuary)
  A hobgoblin zombie (Ossuary)
  A kobold zombie (Ossuary)
3 creatures vanquished.

Grand Total: 112 creatures vanquished

Notes
Turn   | Place    | Note
--------------------------------------------------------------
     0 | D:1      | jacquesderrida the Vine Stalker Wanderer began the quest for the Orb.
     0 | D:1      | jacquesderrida set off with: a +2 hand axe, a +0 shortbow, 24 arrows, the Compendium of Clay, a +0 robe, a bread ration
     0 | D:1      | Reached XP level 1. HP: 9/9 MP: 5/5
     0 | D:1      | Identified the Compendium of Clay
   144 | D:1      | Reached skill level 1 in Unarmed Combat
   174 | D:1      | Reached XP level 2. HP: 13/13 MP: 7/7
   329 | D:2      | Reached skill level 1 in Fighting
   371 | D:2      | Reached XP level 3. HP: 18/18 MP: 8/8
   674 | D:4      | Reached XP level 4. HP: 19/22 MP: 7/9
   821 | D:5      | Entered Level 5 of the Dungeon
   822 | D:5      | Noticed Eustachio
  1196 | D:5      | Reached XP level 5. HP: 24/26 MP: 10/10
  1223 | D:5      | Reached skill level 4 in Unarmed Combat
  1299 | D:6      | Found a bloodstained altar of Trog.
  1353 | D:6      | Noticed a phantom
  1525 | D:6      | Gained mutation: You heal very quickly. [Vine Stalker growth]
  1525 | D:6      | Reached XP level 6. HP: 17/32 MP: 11/11
  1587 | D:6      | Found a glowing golden altar of the Shining One.
  1628 | D:7      | Reached skill level 5 in Unarmed Combat
  1646 | D:7      | Found a sand-covered staircase.
  1655 | Ossuary  | Entered an ossuary
  1874 | Ossuary  | Reached skill level 1 in Dodging
  2078 | D:7      | Reached XP level 7. HP: 36/36 MP: 12/12
  2238 | D:7      | Quit the game

Action                   |  1- 3 |  4- 6 |  7- 9 || total
-------------------------+-------+-------+-------++-------
Melee: Hand axe          |    33 |       |       ||    33
       Dagger            |    55 |   292 |    26 ||   373
  Use: Scroll            |     1 |    11 |     1 ||    13
       Potion            |       |       |     2 ||     2
 Stab: Sleeping          |       |     3 |       ||     3
  Eat: Chunk             |       |     2 |       ||     2
       Pizza             |       |     1 |       ||     1
       Fruit             |       |       |     2 ||     2
       Royal jelly       |       |       |     1 ||     1
